 Dungeon Crawl Stone Soup version 0.31-a0-702-gf82c85558f (webtiles) character file.

Game seed: 13661807252313490890

1348 qw the Skirmisher (level 8, -8/51 HPs)
             Began as a Gargoyle Hunter on Sept 7, 2023.
             Was an Initiate of Okawaru.
             Mangled by an ice beast (12 damage)
             ... on level 6 of the Dungeon.
             The game lasted 00:02:12 (4850 turns).

qw the Skirmisher (Gargoyle Hunter)                 Turns: 4850, Time: 00:02:13

Health: -8/51      AC: 14    Str: 15    XL:     8   Next: 62%
Magic:  8/8        EV: 11    Int: 10    God:    Okawaru [......]
Gold:   560        SH:  5    Dex: 15    Spells: 7/7 levels left

rFire   . . .        Y - +0 shortbow
rCold   . . .        (shield currently unavailable)
rNeg    + . .        a - +0 ring mail
rPois   inf          (no helmet)
rElec   +            k - +2 cloak
rCorr   .            (no gloves)
SInv    .            (no boots)
Will    .....        h - amulet of reflection
Stlth   +            (no ring)
HPRegen 0.28/turn    (no ring)
MPRegen 0.11/turn

%: reflection
@: no status effects
A: sickness immunity, AC +5, negative energy resistance 1, electricity
resistance, torment resistance 1, petrification resistance
a: Renounce Religion


You were on level 6 of the Dungeon.
You worshipped Okawaru.
Okawaru was noncommittal.
You visited 2 branches of the dungeon, and saw 7 of its levels.

You collected 560 gold pieces.


Innate Abilities, Weirdness & Mutations

You are immune to sickness and miasma.
Your stone body is resilient. (AC +5)
You are immune to poison.
You resist negative energy. (rN+)
You are resistant to electric shocks. (rElec)
You are resistant to unholy torment.
You are immune to petrification.


   Skills:
 - Level 6.0 Fighting
 + Level 9.0 Ranged Weapons
 - Level 3.1 Armour
 - Level 2.4 Dodging
 - Level 1.1 Stealth


You had 7 spell levels left.
You didn't know any spells.
Your spell library was empty.

Inventory:

Hand Weapons
 Y - a +0 shortbow (weapon)
Armour
 a - a +0 ring mail (worn)
 k - a +2 cloak (worn)
Jewellery
 h - an amulet of reflection (around neck)
Scrolls
 j - a scroll of identify
Potions
 b - a potion of resistance
 c - a potion of magic {unknown}
 d - a potion of heal wounds {unknown}
 f - a potion of degeneration {unknown}
 g - a potion of haste
 i - 3 potions of curing
 m - a potion of enlightenment

Dungeon Overview and Level Annotations

Branches:
Dungeon (6/15)             Temple (1/1) D:5

Altars:
Gozag
Hepliaklqana
Kikubaaqudgha
Makhleb
Nemelex Xobeh
Okawaru
Qazlal
Ru
Sif Muna
Trog
Uskayaw
Vehumet
Wu Jian
Xom
Zin

Shops:
D:1 ?


Message History

The ice beast is moderately wounded.
You shoot an arrow. The arrow barely misses the ice beast.
You shoot an arrow. The arrow hits the ice beast.
The ice beast is moderately wounded.
You shoot an arrow. The arrow hits the ice beast.
The ice beast is moderately wounded.
The ice beast hits you. The ice beast freezes you!
You shoot an arrow. The arrow hits the ice beast.
The ice beast is heavily wounded.
The ice beast hits you but does no damage.
You shoot an arrow. The arrow hits the ice beast.
The ice beast is heavily wounded.
The ice beast barely misses you.
You shoot an arrow. The arrow hits the ice beast.
The ice beast is severely wounded.
The ice beast hits you but does no damage.
You shoot an arrow. The arrow closely misses the ice beast.
The ice beast hits you. The ice beast freezes you!
You shoot an arrow.
The arrow hits the ice beast but does no damage.
The ice beast is severely wounded.
You block the ice beast's attack.
You shoot an arrow. The arrow barely misses the ice beast.
The ice beast hits you but does no damage.
You shoot an arrow. The arrow barely misses the ice beast.
The ice beast hits you but does no damage.
You shoot an arrow. The arrow closely misses the ice beast.
The ice beast hits you but does no damage.
You shoot an arrow. The arrow hits the ice beast!
The ice beast is almost dead.
The ice beast hits you. The ice beast freezes you!
You shoot an arrow.
The arrow hits the ice beast but does no damage.
The ice beast is almost dead.
The ice beast hits you. The ice beast freezes you!
You shoot an arrow. The arrow closely misses the ice beast.
The ice beast misses you.
You shoot an arrow. The arrow closely misses the ice beast.
The ice beast hits you. The ice beast freezes you!
You die...

...# #$...... #..
#....... #. #.......
#### ...... ....
##.... ####
#....+#######+ #...
#...Y#...#...# #.##
#...@#...#...# #.#
#....#.......# ##.#
#....###._.### #..#
##...#.......####.##
##..#...#...#.#..#
#..#...#..)#...##
#..'#######)..##
#.....# #.....#
####### #######


You could see an ice beast.

Vanquished Creatures
  Edmund (D:4)
  3 water moccasins (D:5)
  An ogre (D:4)
  3 phantoms
  Blork the orc (D:4)
  A vampire bat (D:5)
  6 hounds (D:5)
  A gnoll bouda (D:5)
  A sleepcap (D:5)
  An iguana (D:5)
  An orc wizard (D:6)
  4 adders
  4 gnolls (D:5)
  A shadow imp (D:5)
  An ufetubus (D:5)
  3 worms (D:5)
  5 dart slugs
  7 orcs (D:5)
  6 bats
  2 bat skeletons (D:5)
  2 bat zombies (D:5)
  7 endoplasms
  3 giant cockroaches
  6 goblins
  8 hobgoblins
  7 jackals
  6 kobolds
  3 quokkas
  5 ball pythons
  3 frilled lizards
  5 rats
108 creatures vanquished.

Notes
Turn   | Place    | Note
-------+----------+-------------------------------------------
     0 | D:1      | qw the Gargoyle Hunter began the quest for the Orb.
     0 | D:1      | Reached XP level 1. HP: 12/12 MP: 1/1
     0 | D:1      | 0 ||| qw: Version: 0.3-a-76-g4403597
     0 | D:1      | 0 ||| qw: Game counter: 855
     0 | D:1      | 0 ||| qw: Melee chars always use a shield: true
     0 | D:1      | 0 ||| qw: God list: Okawaru
     0 | D:1      | 0 ||| qw: Allow faded altars: false
     0 | D:1      | 0 ||| qw: Do Orc after clearing Dungeon:15 true
     0 | D:1      | 0 ||| qw: Do second Lair branch before Depths: true
     0 | D:1      | 0 ||| qw: Lair rune preference: random
     0 | D:1      | 0 ||| qw: Goals: Normal
     0 | D:1      | 0 ||| PLANNING D:1-11
    22 | D:1      | Found Bymuy's Magic Scroll Boutique.
    29 | D:1      | 29 ||| SHOPLISTING scroll of teleportation (30 gold, have
                  | 0).
   172 | D:1      | Reached XP level 2. HP: 17/17 MP: 2/2
   353 | D:1      | 353 ||| Stepping ~*~*~tactically~*~*~ (water).
   503 | D:1      | Reached XP level 3. HP: 21/21 MP: 3/3
   515 | D:1      | 515 ||| Stepping ~*~*~tactically~*~*~ (water).
   811 | D:1      | 811 ||| UPGRADING to +2 cloak.
   816 | D:1      | 816 ||| UPGRADING to amulet of reflection.
   821 | D:1      | 821 ||| READING scroll labelled DAQEUTOIRE.
   826 | D:1      | 826 ||| READING scroll labelled POSKUMEATI.
   827 | D:1      | 827 ||| READING scroll labelled PAASTR WAZIXEKK.
   828 | D:1      | 828 ||| DRINKING 2 ruby potions.
   829 | D:1      | 829 ||| DRINKING 2 red potions.
   830 | D:1      | 830 ||| DROPPING scroll of butterflies.
   831 | D:1      | 831 ||| DROPPING potion of attraction.
   878 | D:2      | Reached skill level 5 in Ranged Weapons
  1029 | D:2      | Found a bloodstained altar of Trog.
  1598 | D:2      | 1598 ||| READING 3 scrolls labelled OTSONU GANA.
  1599 | D:2      | 1599 ||| READING scroll labelled REXZAU COING.
  1600 | D:2      | 1600 ||| READING scroll labelled OKIUD QALOGHES.
  1601 | D:2      | 1601 ||| DROPPING 2 scrolls of poison.
  1671 | D:3      | 1671 ||| STAIRDANCE
  1677 | D:3      | 1677 ||| STAIRDANCE
  1685 | D:3      | 1685 ||| STAIRDANCE
  1724 | D:3      | 1724 ||| STAIRDANCE
  1724 | D:3      | HP: 1/22 [kobold/iceblast (16)]
  1815 | D:3      | 1815 ||| STAIRDANCE
  2028 | D:3      | Reached skill level 3 in Fighting
  2052 | D:3      | Found a faded altar of an unknown god.
  2156 | D:3      | Reached XP level 4. HP: 28/28 MP: 4/4
  2303 | D:3      | 2303 ||| UPGRADING to +0 ring mail.
  2313 | D:3      | 2313 ||| DROPPING +0 leather armour.
  2314 | D:3      | 2314 ||| DRINKING 2 bubbling sapphire potions.
  2555 | D:4      | Noticed a phantom
  2574 | D:4      | Killed a phantom
  2575 | D:4      | Reached skill level 3 in Armour
  2575 | D:4      | Reached XP level 5. HP: 32/32 MP: 5/5
  2586 | D:4      | Noticed Edmund
  2603 | D:4      | HP: 7/32 [Edmund/+0 flail of holy wrath (10)]
  2604 | D:4      | 2604 ||| READING 2 scrolls of teleportation.
  2780 | D:4      | Noticed Blork the orc
  2790 | D:4      | HP: 7/32 [Blork the orc/+5 long sword of holy wrath (12)]
  2791 | D:4      | 2791 ||| READING scroll of teleportation.
  2794 | D:4      | Killed Blork the orc
  2947 | D:4      | Killed Edmund
  2948 | D:4      | Reached skill level 6 in Ranged Weapons
  2948 | D:4      | Reached XP level 6. HP: 19/37 MP: 6/6
  3179 | D:5      | Entered Level 5 of the Dungeon
  3180 | D:5      | 3180 ||| PLANNING SEWER
  3190 | D:5      | Noticed a water moccasin
  3215 | D:5      | Killed a water moccasin
  3216 | D:5      | Reached skill level 7 in Ranged Weapons
  3216 | D:5      | Reached XP level 7. HP: 28/43 MP: 7/7
  3440 | D:5      | Found a staircase to the Ecumenical Temple.
  3462 | D:5      | Reached skill level 8 in Ranged Weapons
  3704 | D:5      | HP: 9/44 [iguana (8)]
  3705 | D:5      | 3705 ||| READING scroll of teleportation.
  3905 | D:5      | 3905 ||| RIP SEWER
  3914 | D:5      | 3914 ||| PLANNING TEMPLE
  3927 | D:5      | Reached XP level 8. HP: 46/49 MP: 8/8
  3937 | D:5      | 3937 ||| DRINKING 2 dark potions.
  3938 | D:5      | 3938 ||| READING 2 scrolls of identify.
  3938 | D:5      | 3938 ||| IDENTIFYING silvery potion
  3939 | D:5      | 3939 ||| DROPPING potion of brilliance.
  3990 | Temple   | Entered the Ecumenical Temple
  3991 | Temple   | 3991 ||| PLANNING OKAWARU WORSHIP
  4028 | Temple   | Became a worshipper of Warmaster Okawaru
  4029 | Temple   | 4029 ||| PLANNING D:1-11
  4246 | D:5      | Found an ancient bone altar of Kikubaaqudgha.
  4334 | D:5      | 4334 ||| DRINKING 2 gluggy blue potions.
  4356 | D:5      | 4356 ||| RETREATING.
  4357 | D:5      | 4357 ||| Stepping ~*~*~tactically~*~*~ (retreating).
  4366 | D:5      | 4366 ||| Stepping ~*~*~tactically~*~*~ (retreating).
  4367 | D:5      | 4367 ||| Stepping ~*~*~tactically~*~*~ (retreating).
  4368 | D:5      | 4368 ||| Stepping ~*~*~tactically~*~*~ (retreating).
  4369 | D:5      | 4369 ||| Stepping ~*~*~tactically~*~*~ (retreating).
  4370 | D:5      | 4370 ||| Stepping ~*~*~tactically~*~*~ (retreating).
  4467 | D:5      | 4467 ||| RETREATING.
  4474 | D:5      | 4474 ||| Stepping ~*~*~tactically~*~*~ (retreating).
  4475 | D:5      | 4475 ||| Stepping ~*~*~tactically~*~*~ (retreating).
  4477 | D:5      | 4477 ||| Stepping ~*~*~tactically~*~*~ (retreating).
  4491 | D:5      | Reached skill level 9 in Ranged Weapons
  4789 | D:6      | Found a sacrificial altar of Ru.
  4817 | D:6      | Reached skill level 6 in Fighting
  4848 | D:6      | HP: 6/51 [ice beast (11)]
  4850 | D:6      | Mangled by an ice beast

Levels and vault maps discovered:
D:1:      lightli_arrival_isolated_outpost, layout_loops_ring, serial_rivers,
          chequers_serial_rivers_marsh, chequers_serial_rivers_large_a,
          chequers_serial_rivers_room_b, chequers_serial_rivers_micro_b,
          chequers_serial_rivers_marsh, serial_shops, shop
D:2:      layout_loops_corners, basic_altar
D:3:      layout_rooms, chequers_ecumenical_altar_island
D:4:      layout_basic, uniq_edmund, uniq_blork_the_orc
D:5:      minmay_polygon_palace, layout_cave_pools, kennysheep_vampire_church,
          minmay_temple_entry_junction_2, lightli_sewer_entry_pipes,
          nicolae_letterblocks [nicolae_letter_subblock,
          nicolae_letter_subblock, nicolae_letter_subblock,
          nicolae_letter_subblock, nicolae_letter_subblock,
          nicolae_letter_subblock, nicolae_letter_subblock,
          nicolae_letter_subblock, nicolae_letter_subblock,
          nicolae_letter_subblock, nicolae_letter_subblock,
          nicolae_letter_subblock, nicolae_letter_subblock,
          nicolae_letter_subblock, nicolae_letter_subblock,
          nicolae_letter_subblock, nicolae_letter_subblock,
          nicolae_letter_subblock, nicolae_letter_subblock,
          nicolae_letter_subblock, nicolae_letter_subblock,
          nicolae_letter_subblock, nicolae_letter_subblock,
          nicolae_letter_subblock, nicolae_letter_subblock]
D:6:      layout_rooms, nicolae_ru_great_annihilating_truth, fountainhead
Temple:   minmay_temple_forest_path

Skill      XL: |  1  2  3  4  5  6  7  8 |
---------------+-------------------------+-----
Ranged Weapons | 5 6 7 8 9 |  9.0
Fighting       | 3 4 5 6 |  6.0
Armour         | 3 |  3.1
Dodging        | 2 |  2.4
Stealth        | |  1.1

Action                     |  1- 3 |  4- 6 |  7- 9 || total
---------------------------+-------+-------+-------++-------
   Fire: Shortbow          |   141 |   125 |   309 ||   575
    Use: Scroll            |     6 |     2 |     2 ||    10
         Potion            |     2 |     1 |     2 ||     5
 Armour: Leather armour    |    43 |     1 |       ||    44
         Ring mail         |       |    63 |   174 ||   237
  Dodge: Dodged            |    53 |    40 |   145 ||   238
  Block: Other             |     2 |    24 |    47 ||    73
         Reflection        |       |       |     1 ||     1

Table legend:
 A = Non-vault XP
 B = Vault XP
 C = Vault XP percentage of total XP
 D = Non-vault monster count
 E = Vault monster count
 F = Vault count percentage of total count
                 A         B        C        D         E       F
            +---------+---------+-------+---------+---------+-------
      Total |     884 |    1042 |  54.1 |      76 |      32 |  29.6
            +---------+---------+-------+---------+---------+-------
        D:1 |      37 |       0 |   0.0 |      21 |       0 |   0.0
        D:2 |      26 |       0 |   0.0 |      14 |       0 |   0.0
        D:3 |      24 |       0 |   0.0 |      12 |       0 |   0.0
        D:4 |     247 |     258 |  51.1 |      10 |       2 |  16.7
        D:5 |     536 |     743 |  58.1 |      18 |      26 |  59.1
        D:6 |      14 |      41 |  74.5 |       1 |       4 |  80.0
            +---------+---------+-------+---------+---------+-------
